 Dungeon Crawl Stone Soup version 0.32-a0-913-g739538afd8 (webtiles) character file.

Game seed: 12266382047116865669

422 GiantSquids the Cleaver (level 6, -3/51 HPs)
             Began as a Mountain Dwarf Fighter on Apr 7, 2024.
             Was an Initiate of Okawaru.
             Killed from afar by an orc wizard (6 damage)
             ... with a magic dart
             ... on level 4 of the Dungeon.
             The game lasted 00:03:54 (3255 turns).

GiantSquids the Cleaver (Mountain Dwarf Fighter)    Turns: 3255, Time: 00:03:54

Health: -3/51      AC:  6    Str: 20    XL:     6   Next: 63%
Magic:  6/6        EV:  8    Int:  9    God:    Okawaru [......]
Gold:   192        SH:  0    Dex:  9    Spells: 5/5 levels left

rFire   . . .        o - +0 battleaxe
rCold   . . .        (shield currently unavailable)
rNeg    . . .        b - +0 scale mail
rPois   .            (no helmet)
rElec   .            (no cloak)
rCorr   .            (no gloves)
SInv    .            (no boots)
Will    .....        (no amulet) Stlth
                     (no ring)
HPRegen 0.28/turn    (no ring)
MPRegen 0.10/turn

%: no passive effects
@: no status effects
A: runic magic, artefact enchanting
a: Renounce Religion


You were on level 4 of the Dungeon.
You worshipped Okawaru.
Okawaru was noncommittal.
You visited 2 branches of the dungeon, and saw 5 of its levels.

You collected 192 gold pieces.

Inventory:

Hand Weapons
 o - a +0 battleaxe (weapon)
Armour
 b - a +0 scale mail (worn)
Jewellery
 m - a +4 ring of protection
Scrolls
 e - 3 scrolls of identify {unknown}
 f - 2 scrolls of revelation {unknown}
 g - 5 scrolls of blinking {unknown}
 j - a scroll of poison {unknown}
Potions
 a - a potion of berserk rage {unknown}
 c - a potion of enlightenment {unknown}
 d - 3 potions of might
 h - 2 potions of attraction {unknown}
 i - 2 potions of degeneration {unknown}
 k - a potion of brilliance {unknown}
 l - a potion of heal wounds {unknown}
 n - a potion of mutation {unknown}


   Skills:
 - Level 3.2 Fighting
 + Level 8.7 Axes
 - Level 3.2 Armour
 - Level 3.2 Shields


You had 5 spell levels left.
You didn't know any spells.
Your spell library contained the following spells:

 Spells                   Type           Power      Damage    Failure   Level
 Sting                    Conj/Alch      0%         1d3       45%         1
 Mercury Vapours          Alch/Air       0%         N/A       61%         2
 Volatile Blastmotes      Fire/Tloc      0%         2d10      83%         3
 Fulminant Prism          Conj/Alch      0%         3d5       99%         4
 Iskenderun's Mystic Bla Conj/Tloc 0%             2d3        (+2d1     99%         4
 Olgreb's Toxic Radiance  Alch           0%         N/A       99%         4


Dungeon Overview and Level Annotations

Branches:
Dungeon (4/15)             Temple (1/1) D:4

Altars:
Ashenzari
Elyvilon
Gozag
Kikubaaqudgha
Nemelex Xobeh
Okawaru
Trog
Vehumet
Wu Jian
Zin

Shops:
D:4 *


Innate Abilities, Weirdness & Mutations

Your spellcasting is much less encumbered by armour.
You can use scrolls of enchantment on lesser artefacts.


Message History

The orc wizard hits you but does no damage.
The orc priest closely misses you. The orc hits you with a +0 mace.
You barely miss the orc wizard.
The orc wizard is almost dead.
You hit the orc priest. You closely miss the orc.
The orc wizard hits you with a +0 dagger.
The orc barely misses you. The orc priest hits you with a +0 club.
* * * LOW HITPOINT WARNING * * *
You barely miss the orc wizard.
The orc wizard is almost dead.
You hit the orc priest. You barely miss the orc.
The orc wizard casts a spell at you. The puff of flame hits you!
* * * LOW HITPOINT WARNING * * *
The orc hits you with a +0 mace.
* * * LOW HITPOINT WARNING * * *
The orc priest hits you but does no damage.
You barely miss the orc wizard.
The orc wizard is almost dead.
You slash the orc!
You kill the orc!
Okawaru accepts your kill.
You barely miss the orc priest.
The orc wizard hits you but does no damage.
The orc priest hits you but does no damage.
You barely miss the orc wizard.
The orc wizard is almost dead.
You slash the orc priest!
You kill the orc priest!
Okawaru accepts your kill.
The orc wizard gestures wildly while chanting.
The orc wizard flickers and vanishes!
Deactivating autopickup; reactivate with Ctrl-A.
Something hits you but does no damage.
Okay, then.
You miss something.
You hear some strange, mumbled words.
A magic dart appears from out of thin air!
The magic dart hits you.
You die...

.. ##.## ....##.##
##.## ........## ##)##
.........# ##.##
.........####..#
..........##..##
........#....##
#.....){)...##
#....)@.#...####
##.............#######
##......##.......##.##
###...########.....#.
##..# ##.........
...## ###..........
.##.. #......รท..... .
##. #............
##...........


There were no monsters in sight!

Vanquished Creatures
  A black bear (D:4)
  A bombardier beetle (D:3)
  A jelly (D:4)
  2 orc priests (D:4)
  A hound (D:4)
  Jessica (D:2)
  A sleepcap (D:3)
  4 adders
  3 dart slugs
  4 ribbon worms (D:2)
  7 orcs
  7 endoplasms
  A giant cockroach (D:4)
  3 goblins
  7 hobgoblins
  7 jackals
  5 quokkas
  10 ball pythons
  3 bats
  5 frilled lizards
  2 kobolds
  5 rats
81 creatures vanquished.

Notes
Turn   | Place    | Note
-------+----------+-------------------------------------------
     0 | D:1      | GiantSquids the Mountain Dwarf Fighter began the quest for
                  | the Orb.
     0 | D:1      | Reached XP level 1. HP: 19/19 MP: 1/1
   131 | D:1      | Reached skill level 3 in Axes
   140 | D:1      | Reached XP level 2. HP: 26/26 MP: 2/2
   727 | D:2      | Reached skill level 4 in Axes
   727 | D:2      | Reached XP level 3. HP: 30/31 MP: 3/3
   828 | D:2      | Noticed Jessica
   843 | D:2      | Killed Jessica
   844 | D:2      | Reached skill level 5 in Axes
   844 | D:2      | Reached XP level 4. HP: 6/38 MP: 4/4
  1849 | D:3      | Reached skill level 6 in Axes
  1894 | D:3      | Reached XP level 5. HP: 31/45 MP: 5/5
  2368 | D:3      | Found a broken altar of Ashenzari.
  2481 | D:4      | Found a staircase to the Ecumenical Temple.
  2494 | D:4      | Reached skill level 7 in Axes
  2505 | Temple   | Entered the Ecumenical Temple
  2514 | Temple   | Became a worshipper of Warmaster Okawaru
  2713 | D:4      | Reached XP level 6. HP: 51/51 MP: 6/6
  2992 | D:4      | Found an opulent altar of Gozag.
  2998 | D:4      | Found Gozag's Platinum Reserve.
  3249 | D:4      | Reached skill level 8 in Axes
  3252 | D:4      | HP: 2/51 [orc/+0 mace (3)]
  3255 | D:4      | Killed from afar by an orc wizard

Illustrated notes

Levels and vault maps discovered:
D:1:      dpeg_arrival_erosion, layout_loops_cross
D:2:      minmay_door_path, layout_basic, uniq_jessica
D:3:      layout_basic, nicolae_ashenzari_panopticon
D:4:      layout_cave_pods, nicolae_gozag_zags_fifth_avenue,
          minmay_temple_entry_arrows, uniq_pikel
Temple:   hellmonk_temple_two_chambers

Skill      XL: |  1  2  3  4  5  6 |
---------------+-------------------+-----
Axes           | 3 4 5 6 7 8 |  8.7
Fighting       | |  3.2
Armour         | |  3.2
Shields        | |  3.2

Action                     |  1- 3 |  4- 6 || total
---------------------------+-------+-------++-------
  Melee: War axe           |    70 |   126 ||   196
         Battleaxe         |       |    34 ||    34
 Armour: Scale mail        |    57 |   138 ||   195
  Dodge: Dodged            |    41 |    90 ||   131
  Block: Buckler           |    19 |    22 ||    41

Table legend: (Time is in decaauts)
 A = Elapsed time spent in this place.
 B = Non-inter-level travel time spent in this place.
 C = Inter-level travel time spent in this place.
 D = Time resting spent in this place.
 E = Time spent auto-exploring this place.
 F = Levels seen in this place.
 G = Mean time per level.
                   A        B        C        D        E       F      G
               +--------+--------+--------+--------+--------+-----+--------+
         Total |   3315 |   3237 |     78 |      0 |   2672 |   5 |  663.0 |
       Dungeon |   3296 |   3226 |     70 |      0 |   2672 |   4 |  824.0 |
        Temple |     18 |     10 |      8 |      0 |      0 |   1 |   18.0 |
               +--------+--------+--------+--------+--------+-----+--------+

Top non-repeatable levels by time:
     D:2: 1113 daAuts
     D:4: 773 daAuts
     D:1: 732 daAuts
     D:3: 677 daAuts
  Temple: 18 daAuts
